 Dungeon Crawl Stone Soup version bcrawl-1.19.1 (webtiles) character file.

Game seed: 9066410787358818264

331 mahrnol the Caller (level 6, 0/32 HPs)
             Began as an Avariel Summoner on Dec 5, 2019.
             Slain by Prince Ribbit (12 damage)
             ... on level 5 of the Dungeon.
             The game lasted 00:19:47 (4810 turns).

mahrnol the Caller (Avariel Summoner)               Turns: 4810, Time: 00:19:47

Health: 0/32       AC:  6    Str:  6    XL:     6   Next: 52%
Magic:  5/15       EV: 12    Int: 23    God:
Gold:   393        SH:  0    Dex: 13    Spells: 5/15 levels left

rFire    . . .     SeeInvis .   i - +0 dagger
rCold    . . .     Gourm    .   (no shield)
rNeg     + . .     Faith    .   C - +0 troll leather armour
rPois    .         Spirit   .   r - +1 helmet
rElec    .         Reflect  .   (no cloak)
rCorr    .         Harm     .   (no gloves)
MR       .....                  (no boots)
Stlth    ++........             (no amulet)
HPRegen  0.50/turn              w - ring of positive energy
MPRegen  0.14/turn              (no ring)

@: no status effects
A: no striking features
a: no special abilities


You were on level 5 of the Dungeon.
You were hungry.

You visited 1 branch of the dungeon, and saw 5 of its levels.
You also visited: Sewer.

You collected 393 gold pieces.

Inventory:

Hand Weapons
 i - a +0 dagger (weapon)
 l - a +1 flail of protection
Missiles
 f - 247 arrows
 j - 65 poisoned needles
 t - 49 javelins (quivered)
 y - 52 needles of frenzy
 A - 45 needles of confusion
Armour
 a - a +0 robe
 r - a +1 helmet (worn)
 C - a +0 troll leather armour (worn)
Jewellery
 w - a ring of positive energy (left hand)
Scrolls
 c - a scroll of summoning
 e - 2 scrolls of immolation
 g - a scroll of enchant armour {unknown}
 h - 2 scrolls of enchant weapon {unknown}
 k - 6 scrolls of remove curse
 m - a scroll of noise {unknown}
 n - 3 scrolls of identify
 q - a scroll of fear {unknown}
Potions
 b - 3 potions of flight
 o - 2 potions of lignification {unknown}
 p - a potion of degeneration {unknown}
 s - a potion of haste {unknown}
 u - 3 potions of curing
 v - 2 potions of mutation {unknown}
 x - a potion of might {unknown}
 B - a potion of heal wounds {unknown}
Comestibles
 d - 6 rations {!d}


   Skills:
 + Level 1.2 Short Blades
 + Level 2.9 Dodging
 + Level 2.6 Stealth
 + Level 5.0 Spellcasting
 + Level 6.8 Summonings
 * Level 2.0 Ice Magic


You had 5 spell levels left.
You knew the following spells:

 Your Spells              Type           Power        Failure   Level  Hunger
a - Summon Small Mammal   Summ           ####         1%          1    None
b - Call Imp              Summ           #####.       1%          2    None
c - Call Canine Familiar  Summ           #####...     2%          3    ##.....
d - Summon Ice Beast      Ice/Summ       ####....     24%         4    ####...

Your spell library contained the following spells:

 Spells                   Type           Power        Failure   Level  Hunger
 Summon Lightning Spire   Summ/Air       ###.....     71%         5    #####..


Dungeon Overview and Level Annotations

Branches:
Dungeon (5/12)
 Temple: D:4-7

Altars:
Cheibriados
Yredelemnul

Annotations:
D:3 1 runed door
D:5 exclusion: centaur, Edmund, Prince Ribbit


Message History

Your shadow imp hits Prince Ribbit.
Your iron imp splashes around in the water.
You hit Prince Ribbit.
Prince Ribbit is severely wounded.
Your hound barely misses Prince Ribbit.
Prince Ribbit barely misses you.
Your shadow imp closely misses Prince Ribbit.
Your hound bites Prince Ribbit.
Your iron imp completely misses Prince Ribbit.
Your troll leather armour prevents you from hitting Prince Ribbit.
Prince Ribbit is severely wounded.
Prince Ribbit hits you but does no damage.
Your hound barely misses Prince Ribbit.
Prince Ribbit catches a centipede with his tongue.
Prince Ribbit blinks!
Your hound barely misses Prince Ribbit.
Prince Ribbit blinks!
You are feeling hungry.
You closely miss Prince Ribbit.
Prince Ribbit is severely wounded.
Prince Ribbit hits you!
You die...

#.....#)# .....#.# #..# #.....#
.....#.###..###...#.# ..
#..................... ...#.
#≈≈≈≈≈##..###...#..
#....#.##≈≈≈≈≈##..# .......
#......≈≈.....≈≈.####...... ##
...#...≈≈.....≈≈..........# .#
......≈≈≈F@5≈....$..§....F. .##
#..#.#.≈≈h....≈≈...###....# ..#
#..#.#.≈≈.5≈..≈≈.........>#
..#####......##≈≈≈≈≈##...#.#..##.
(......÷)....##≈≈.≈≈##...$.......
..#####.####.............#....##.
..# #.#####.#......##.......# ..#
##..............##?##..#.# ..#
#...............###.......


You could see Prince Ribbit, a friendly hound, a friendly iron imp and a
friendly shadow imp.

Vanquished Creatures
  An adder (D:4)
  A dart slug (D:4)
  A leopard gecko (D:2)
  A ball python (D:4)
  A bat (D:5)
  2 goblins (D:2)
  2 jackals (D:4)
  3 frilled lizards
  3 kobolds (D:2)
  3 rats
18 creatures vanquished.

Vanquished Creatures (collateral kills)
  A troll (D:5)
  A hungry ghost (D:5)
  A big kobold (Sewer)
  A centaur skeleton (D:3)
  A hound zombie (D:5)
  2 adders
  A river rat (Sewer)
  3 worms
  3 dart slugs
  2 leopard geckos
  3 ball pythons
  A giant cockroach (D:1)
  3 goblins (D:1)
  8 hobgoblins
  8 jackals
  8 kobolds
  3 quokkas
  8 bats
  A frilled lizard (D:1)
  A quokka skeleton (D:5)
  6 rats
66 creatures vanquished.

Grand Total: 84 creatures vanquished

Notes
Turn   | Place    | Note
-------+----------+-------------------------------------------
     0 | D:1      | mahrnol the Avariel Summoner began the quest for the Orb.
     0 | D:1      | Reached XP level 1. HP: 10/10 MP: 6/6
    80 | D:1      | Reached skill level 5 in Summonings
   485 | D:1      | Reached XP level 2. HP: 15/15 MP: 7/7
   489 | D:1      | Learned a level 2 spell: Call Imp
  1544 | D:2      | Reached XP level 3. HP: 19/19 MP: 7/9
  1564 | D:2      | Learned a level 3 spell: Call Canine Familiar
  2147 | D:2      | Found a snail-covered altar of Cheibriados.
  2430 | D:3      | Found a runed door.
  2430 | D:3      | Noticed a human
  2441 | D:3      | Found a basalt altar of Yredelemnul.
  2693 | D:3      | Reached XP level 4. HP: 24/24 MP: 3/11
  2699 | D:3      | Learned a level 4 spell: Summon Ice Beast
  4146 | D:5      | Entered Level 5 of the Dungeon
  4160 | D:5      | Noticed Edmund
  4178 | D:5      | Reached skill level 6 in Summonings
  4210 | D:5      | Noticed a centaur
  4216 | D:5      | Noticed a hungry ghost
  4253 | D:5      | Found a glowing drain.
  4254 | D:5      | Noticed Prince Ribbit
  4303 | Sewer    | Entered a sewer
  4515 | Sewer    | Noticed a big kobold
  4532 | Sewer    | Killed a big kobold
  4532 | Sewer    | Reached skill level 1 in Short Blades
  4532 | Sewer    | Reached skill level 1 in Ice Magic
  4532 | Sewer    | Reached XP level 5. HP: 28/28 MP: 8/13
  4628 | Sewer    | Found a white marble altar of Elyvilon.
  4705 | D:5      | Killed a hungry ghost
  4716 | D:5      | Noticed a troll
  4732 | D:5      | Killed a troll
  4732 | D:5      | Reached skill level 5 in Spellcasting
  4732 | D:5      | Reached XP level 6. HP: 7/32 MP: 2/15
  4810 | D:5      | Slain by Prince Ribbit

Skill      XL: |  1  2  3  4  5 |
---------------+----------------+-----
Summonings     | 5 6 |  6.8
Spellcasting   | 3 4 5 |  5.0
Short Blades   | 1 |  1.2
Ice Magic      | 1 2 |  2.0
Dodging        | |  2.9
Stealth        | |  2.6

Action                   |  1- 3 |  4- 6 || total
-------------------------+-------+-------++-------
Melee: Unarmed           |     4 |       ||     4
       Dagger            |    45 |    94 ||   139
 Cast: Summon Small Mamm |    49 |       ||    49
       Call Imp          |     6 |    12 ||    18
       Call Canine Famil |     9 |    17 ||    26
  Use: Scroll            |       |     4 ||     4
       Potion            |       |     1 ||     1
 Stab: Sleeping          |     6 |     1 ||     7
  Eat: Chunk             |     6 |    10 ||    16
Armor: Robe              |     7 |    32 ||    39
       Troll leather arm |       |     2 ||     2
Dodge: Dodged            |    39 |    89 ||   128
